 Dungeon Crawl Stone Soup version 0.31.0-1-g2c135a008e (webtiles) character file.

Game seed: 6598333044699918500

196 qw the Shooter (level 6, -1/46 HPs)
             Began as a Djinni Hunter on Jan 23, 2024.
             Was an Initiate of Okawaru.
             Slain by Grinder (7 damage)
             ... on level 3 of the Dungeon.
             The game lasted 00:00:10 (2434 turns).

qw the Shooter (Djinni Hunter)                      Turns: 2434, Time: 00:00:10

Health: -1/46      AC:  9    Str:  8    XL:     6   Next: 4%
Gold:   102        EV: 11    Int: 10    God:    Okawaru [......] SH:  0 Dex: 19

rFire   + + .        a - +0 shortbow
rCold   x . .        (shield currently unavailable)
rNeg    . . .        d - +1 ring mail of the Hunter {rPois MP+9 Str-2}
rPois   inf          f - +2 helmet
rElec   .            (no cloak)
rCorr   .            (no gloves)
SInv    .            (boots unavailable)
Will    .....        (no amulet)
Stlth   +            (no ring)
HPRegen 0.27/turn    (no ring)
MPRegen 0.00/turn

%: infuse magic (-2 HP)
@: flying
A: sickness immunity, fire resistance 2, cold vulnerability 1, float, innate
caster, HP casting, extra vitality 1
a: Renounce Religion


You were on level 3 of the Dungeon.
You worshipped Okawaru.
Okawaru was noncommittal.
You visited 1 branch of the dungeon, and saw 3 of its levels.

You collected 102 gold pieces.


Innate Abilities, Weirdness & Mutations

You are immune to sickness and miasma.
You are immune to poison.
Your flesh is very heat resistant. (rF++)
You are vulnerable to cold. (rC-)
You float through the air rather than walking.
You learn spells naturally, not from books.
Your magical power is your life essence.
You have superior vitality. (+4 MHP)


   Skills:
 - Level 3.0 Fighting
 - Level 5.0 Ranged Weapons
 - Level 1.1 Armour
 + Level 2.7 Dodging
 - Level 0.7 Stealth


You knew the following spells:

 Your Spells              Type           Power      Damage    Failure   Level
a - Necrotise             Necr           0%         1d4       75%         1
b - Ensorcelled Hibernat  Hex/Ice        0%         N/A       86%         2
Your spell library was empty.

Inventory:

Hand Weapons
 a - a +0 shortbow (weapon)
Armour
 c - a +1 robe of cold resistance
 d - the +1 ring mail of the Hunter (worn) {rPois MP+9 Str-2}
   (You found it on level 2 of the Dungeon)

   Str-2:     It affects your strength (-2).
   rPois:     It protects you from poison MP+9: It affects your magic capacity
   (+9).
 f - a +2 helmet (worn)
Scrolls
 b - a scroll of identify

Dungeon Overview and Level Annotations

Branches:
Dungeon (3/15)

Altars:
Okawaru

Annotations:
D:3 Grinder


Message History

Grinder says, "There's only one good use for a tongue: cutting it out."
Grinder hits you!
You writhe in agony.
The adder barely misses you.
Grinder blinks!
You shoot an arrow. The arrow closely misses the adder.
The adder bites you but does no damage.
Grinder blinks!
The adder bites you but does no damage.
You shoot an arrow. The arrow hits Grinder.
Grinder is heavily wounded.
The adder closely misses you. Grinder barely misses you.
You shoot an arrow. The arrow hits Grinder!
Grinder is severely wounded.
The adder closely misses you. Grinder hits you.
You writhe in agony.
The adder barely misses you.
Grinder blinks!
You shoot an arrow. The arrow hits the adder.
The adder is heavily wounded.
The adder bites you but does no damage. x2
You shoot an arrow. The arrow misses the adder.
The adder bites you but does no damage. Grinder gestures at you.
Pain shoots through your body! The adder closely misses you.
You shoot an arrow. The arrow misses the adder.
Grinder says, "Tell me all your secrets, or I'll kill you."
The adder barely misses you. Grinder barely misses you.
You shoot an arrow. The arrow closely misses Grinder.
The adder bites you but does no damage. Grinder misses you.
The adder bites you but does no damage.
You shoot an arrow. The arrow hits Grinder.
Grinder is severely wounded.
The adder completely misses you. Grinder gestures at you.
Pain shoots through your body!
You shoot an arrow. The arrow barely misses Grinder.
The adder bites you but does no damage. Grinder gestures at you.
You resist with some effort. The adder barely misses you.
You shoot an arrow. The arrow hits Grinder.
Grinder is severely wounded.
The adder barely misses you. Grinder hits you!
You die...
Grinder sighs, "Dead already?
I want a refund."

##[# #......#
#..# #......#
###..# #...%..#
#.#..# ###.#####
#....# #.[.#
#...# ##.###
#...###..#
##..S##..##
..#...5@..#####
#.....).......#
#[..#####<%....#
#.# #......# .
#......#
#......#
########


You could see Grinder and an adder.

Vanquished Creatures
  An orc priest (D:3)
  Jessica (D:2)
  An orc wizard (D:3)
  Natasha (D:2)
  A gnoll (D:1)
  2 adders (D:2)
  A dart slug (D:1)
  2 ribbon worms (D:2)
  2 orcs
  3 ball pythons
  An endoplasm (D:2)
  2 giant cockroaches
  6 goblins
  6 hobgoblins
  2 jackals (D:2)
  5 kobolds
  3 quokkas
  6 bats
  5 frilled lizards
  5 rats
56 creatures vanquished.

Notes
Turn   | Place    | Note
-------+----------+-------------------------------------------
     0 | D:1      | qw the Djinni Hunter began the quest for the Orb.
     0 | D:1      | Reached XP level 1. HP: 18/18 MP: 0/0
     0 | D:1      | 0 ||| qw: Version: 0.3-a-136-gdd3b4e8
     0 | D:1      | 0 ||| qw: Game counter: 1038
     0 | D:1      | 0 ||| qw: Melee chars always use a shield: true
     0 | D:1      | 0 ||| qw: God list: Okawaru
     0 | D:1      | 0 ||| qw: Allow faded altars: false
     0 | D:1      | 0 ||| qw: Do Orc after clearing Dungeon:15 true
     0 | D:1      | 0 ||| qw: Do second Lair branch before Depths: true
     0 | D:1      | 0 ||| qw: Lair rune preference: random
     0 | D:1      | 0 ||| qw: Goals: Normal
     0 | D:1      | 0 ||| PLANNING D:1-11
     3 | D:1      | Noticed an electric eel
     4 | D:1      | Noticed an electric eel
    83 | D:1      | Reached XP level 2. HP: 9/23 MP: 0/0
   204 | D:1      | Reached XP level 3. HP: 21/28 MP: 0/0
   204 | D:1      | Learned a level 1 spell: Necrotise
   234 | D:1      | Found a faded altar of an unknown god.
   394 | D:1      | 394 ||| READING 2 scrolls labelled ACHIOM VAPE.
   395 | D:1      | 395 ||| DROPPING scroll of butterflies.
   466 | D:1      | Reached skill level 4 in Ranged Weapons
  1047 | D:1      | 1047 ||| UPGRADING to +1 helmet.
  1052 | D:1      | 1052 ||| READING scroll of identify.
  1052 | D:1      | 1052 ||| IDENTIFYING scroll labelled TADEAPRABOM
  1053 | D:1      | 1053 ||| READING scroll of enchant armour.
  1053 | D:1      | 1053 ||| ENCHANTING +1 helmet.
  1054 | D:1      | 1054 ||| READING scroll labelled LOTAFA LOCO.
  1192 | D:2      | Reached XP level 4. HP: 34/34 MP: 0/0
  1268 | D:2      | Identified the +1 ring mail of the Hunter {rPois MP+9
                  | Str-2}
  1314 | D:2      | Reached skill level 3 in Fighting
  1533 | D:2      | Found an iron altar of Okawaru.
  1534 | D:2      | 1534 ||| PLANNING OKAWARU WORSHIP
  1534 | D:2      | 1534 ||| UPGRADING to +0 ring mail.
  1544 | D:2      | 1544 ||| DROPPING +0 leather armour.
  1545 | D:2      | 1545 ||| UPGRADING to +1 ring mail of the Hunter {rPois
                  | MP+9 Str-2}.
  1555 | D:2      | 1555 ||| DROPPING +0 ring mail.
  1556 | D:2      | 1556 ||| READING scroll of identify.
  1556 | D:2      | 1556 ||| IDENTIFYING orange potion
  1557 | D:2      | 1557 ||| READING scroll labelled TYGREVO ODGHIL.
  1558 | D:2      | 1558 ||| READING scroll labelled SISHRE SIZEER.
  1564 | D:2      | Became a worshipper of Warmaster Okawaru
  1565 | D:2      | 1565 ||| PLANNING D:1-11
  2003 | D:2      | Reached skill level 1 in Armour
  2053 | D:3      | Noticed Jessica
  2057 | D:3      | 2057 ||| STAIRDANCE
  2059 | D:3      | 2059 ||| DRINKING potion of haste.
  2063 | D:3      | Noticed Natasha
  2066 | D:3      | 2066 ||| STAIRDANCE
  2073 | D:2      | Killed Jessica
  2074 | D:2      | Reached XP level 5. HP: 17/40 MP: 0/0
  2074 | D:2      | Learned a level 2 spell: Ensorcelled Hibernation
  2177 | D:3      | 2177 ||| STAIRDANCE
  2283 | D:3      | 2283 ||| STAIRDANCE
  2290 | D:2      | Killed Natasha
  2380 | D:3      | Reached skill level 5 in Ranged Weapons
  2380 | D:3      | Reached XP level 6. HP: 26/46 MP: 0/0
  2416 | D:3      | Noticed Grinder
  2427 | D:3      | HP: 11/46 [Grinder (6)]
  2429 | D:3      | HP: 5/46 [Grinder/nerve-wracking pain (6)]
  2434 | D:3      | Slain by Grinder

Levels and vault maps discovered:
D:1:      arrival_aquarium_b, layout_loops_ring, serial_forest,
          infiniplex_forest_lined_2, infiniplex_forest_zigzag_1,
          infiniplex_forest_clump_curved, infiniplex_forest_diagonal,
          infiniplex_forest_clump_long, infiniplex_forest_clump_tiny,
          infiniplex_forest_zigzag_1, shapermc_ecumenical_altar_flowoftime,
          kennysheep_flooded_box
D:2:      layout_basic, basic_altar
D:3:      minmay_inner_zag, layout_rooms, uniq_sigmund, uniq_jessica,
          uniq_grinder, uniq_ijyb, uniq_natasha

Skill      XL: |  1  2  3  4  5 |
---------------+----------------+-----
Ranged Weapons | 4 5 |  5.0
Fighting       | 3 |  3.0
Armour         | 1 |  1.1
Dodging        | |  2.7
Stealth        | |  0.7

Action                     |  1- 3 |  4- 6 || total
---------------------------+-------+-------++-------
   Fire: Shortbow          |    85 |   124 ||   209
    Use: Scroll            |     4 |     3 ||     7
         Potion            |       |     1 ||     1
 Armour: Leather armour    |    19 |    10 ||    29
         Ring mail         |       |    61 ||    61
  Dodge: Dodged            |    14 |    61 ||    75

Table legend:
 A = Non-vault XP
 B = Vault XP
 C = Vault XP percentage of total XP
 D = Non-vault monster count
 E = Vault monster count
 F = Vault count percentage of total count
                 A         B        C        D         E       F
            +---------+---------+-------+---------+---------+-------
      Total |     208 |      73 |  26.0 |      54 |       2 |   3.6
            +---------+---------+-------+---------+---------+-------
        D:1 |      51 |       0 |   0.0 |      20 |       0 |   0.0
        D:2 |      73 |      73 |  50.0 |      28 |       2 |   6.7
        D:3 |      84 |       0 |   0.0 |       6 |       0 |   0.0
            +---------+---------+-------+---------+---------+-------
